 Dungeon Crawl Stone Soup version 0.30.1-3-gfc49f6343a (webtiles) character file.

Game seed: 3799950371330358257

7269 Almogavar the Basher (level 11, -1/71 HPs)
             Began as a Gargoyle Fighter on Aug 2, 2023.
             Was a Priest of Okawaru.
             Slain by a large slime creature (18 damage)
             ... on level 8 of the Dungeon.
             The game lasted 00:24:54 (8124 turns).

Almogavar the Basher (Gargoyle Fighter)             Turns: 8124, Time: 00:24:54

Health: -1/71      AC: 32    Str: 25    XL:     11   Next: 12%
Magic:  11/11      EV:  9    Int: 11    God:    Okawaru [***...]
Gold:   433        SH: 10    Dex:  9    Spells: 10/10 levels left

rFire   + + +        z - +1 whip (flame)
rCold   x . .        b - +1 buckler {AC+3}
rNeg    + . .        I - +0 fire dragon scales
rPois   ∞            g - +1 helmet of the Goldsmith {Int+3}
rElec   +            w - +2 cloak
rCorr   .            E - +0 pair of gloves
SInv    +            o - +2 pair of boots
Will    .....        a - amulet of reflection Stlth
                     r - ring of see invisible
HPRegen 0.31/turn    q - ring of protection from fire
MPRegen 0.12/turn

%: reflection
@: about to teleport
A: sickness immunity, AC +8, negative energy resistance 1, electricity
resistance, torment resistance 1, petrification resistance
a: Renounce Religion, Heroism


You were on level 8 of the Dungeon.
You worshipped Okawaru.
Okawaru was most pleased with you.
You visited 2 branches of the dungeon, and saw 9 of its levels.
You also visited: Ossuary and Bailey.

You collected 461 gold pieces.
You spent 28 gold pieces at shops.

Inventory:

Hand Weapons
 z - a +1 whip of flaming (weapon)
Missiles
 L - a throwing net (quivered)
Armour
 b - a +1 buckler of protection (worn)
 g - the +1 helmet of the Goldsmith (worn) {Int+3}
   (You took it off Robin on level 2 of the Dungeon)

   Int:       It affects your intelligence (+3).
 m - a scarf of shadows
 o - a +2 pair of boots (worn)
 w - a +2 cloak (worn)
 E - a +0 pair of gloves (worn)
 F - a +0 chain mail
 I - +0 fire dragon scales (worn)
Magical Staves
 h - a staff of earth
Jewellery
 a - an amulet of reflection (around neck)
 c - a ring of resist corrosion
 q - a ring of protection from fire (right hand)
 r - a ring of see invisible (left hand)
 y - a ring of flight
 N - a ring of magical power
Wands
 t - a wand of flame (5)
 B - a wand of polymorph (6)
Scrolls
 i - a scroll of brand weapon
 j - 3 scrolls of teleportation
 k - 3 scrolls of enchant armour
 u - 3 scrolls of fear
 v - a scroll of amnesia
 x - 4 scrolls of fog
 C - 2 scrolls of silence
 G - 3 scrolls of summoning
 J - a scroll of noise {unknown}
 K - 2 scrolls of poison {unknown}
Potions
 d - 3 potions of might
 e - 5 potions of magic
 f - 3 potions of brilliance
 l - a potion of heal wounds
 n - a potion of resistance {unknown}
 p - 3 potions of lignification {unknown}
 s - a potion of flight {unknown}
 A - a potion of curing {unknown}
 D - 2 potions of mutation {unknown}
 M - a potion of experience {unknown}
Miscellaneous
 H - a phantom mirror


   Skills:
 + Level 9.4 Fighting
 - Level 12.0 Maces & Flails
 + Level 8.8 Armour
 - Level 0.9 Dodging
 * Level 3.0 Stealth
 - Level 5.0 Shields
 + Level 0.1 Invocations


You had 10 spell levels left.
You didn't know any spells.
Your spell library contained the following spells:

 Spells                   Type           Power      Damage    Failure   Level
 Blink                    Tloc           0%         N/A       83%         2
 Lesser Beckoning         Tloc           0%         N/A       83%         2
 Momentum Strike          Conj/Tloc      0%         3d8       83%         2
 Gell's Gravitas          Tloc           0%         N/A       97%         3
 Teleport Other           Tloc           0%         N/A       97%         3
 Fireball                 Conj/Fire      0%         3d3       100%        5
 Iskenderun's Battlesphe  Conj           0%         2d6       100%        5
 Conjure Ball Lightning   Conj/Air       0%         3x3d6     100%        6
 Orb of Destruction       Conj           0%         9d5       100%        7
 Malign Gateway           Summ/Tloc      Unusable   N/A       N/A         7
 Summon Horrible Things   Summ           Unusable   N/A       N/A         8

Dungeon Overview and Level Annotations

Branches:
Dungeon (8/15)             Temple (1/1) D:7         Ossuary (visited)
 Bailey (visited)
   Lair: D:8-11

Altars:
Ashenzari
Cheibriados
Dithmenos
Elyvilon
Fedhas
Gozag
Hepliaklqana
Kikubaaqudgha
Makhleb
Nemelex Xobeh
Okawaru
Ru
Sif Muna
Trog
Uskayaw
Vehumet
Wu Jian
Xom
The Shining One

Shops:
D:3 [   D:5 ?

Annotations:
D:8 1 runed translucent door
Temple 2 transporters


Innate Abilities, Weirdness & Mutations

You are immune to sickness and miasma.
Your stone body is resilient. (AC +8)
You are immune to poison.
You resist negative energy. (rN+)
You are resistant to electric shocks. (rElec)
You are resistant to unholy torment.
You are immune to petrification.


Message History

No target in view!
You now have 433 gold pieces (gained 17).
Items here: ) ? [ †.
j - 4 scrolls of teleportation (gained 1)
Things that are here:
a +0 club; 3 poisoned darts 3 slime creatures come into view.
The slime creature quivers. x3
You block the slime creature's attack.
Two slime creatures merge to form a large slime creature.
You hit the large slime creature but do no damage.
Two slime creatures merge to form a very large slime creature.
You whack the very large slime creature!
You burn the very large slime creature.
The very large slime creature is lightly wounded.
You hit the very large slime creature. You burn the very large slime creature.
The very large slime creature is lightly wounded.
The very large slime creature hits you but does no damage.
You hit the very large slime creature. You burn the very large slime creature.
The very large slime creature is lightly wounded.
You hit the very large slime creature. You burn the very large slime creature.
The very large slime creature is lightly wounded.
You block the very large slime creature's attack.
The very large slime creature attacks as you move away!
You block the very large slime creature's attack.
The very large slime creature attacks as you move away!
The very large slime creature hits you!
The very large slime creature attacks as you move away!
You block the very large slime creature's attack.
The very large slime creature attacks as you move away!
The very large slime creature hits you!
The very large slime creature attacks as you move away!
The very large slime creature hits you!!!
Ouch! That really hurt!
* * * LOW HITPOINT WARNING * * *
As you read the scroll of teleportation, it crumbles to dust.
You feel strangely unstable.
A very large slime creature splits.
The large slime creature attacks as you move away!
The large slime creature hits you!!
You die...

#.# #.# #.# #.# #.# #.#
##.# #.# ...#############
#.#######
...............#
#........
##############.#
#########
............##.##########
###########.##..@J......#
#.....J######.# ######
##.####.# #.#
.....#####..#**#.# #.#
####


###PPPPPPP.PPP##># #.# #... #P.........P##># #.# #.## **#P.PPP.PPPPP##.# #.# #.#
,,,P...P.P...P##.#### #.# #.# ***P.PPP.P.P.P......# #.# #.## You could see a
large slime creature and a slime creature.

Vanquished Creatures
  Erica (D:8)
  Amaemon (D:8)
  Pikel (D:4)
  Joseph (D:8)
  A gargoyle (Bailey)
  An orange demon (D:8)
  Psyche (D:8)
  A vampire (Bailey)
  6 yaks (D:8)
  Duvessa (D:5)
  2 water moccasins
  An ice beast (D:6)
  2 sky beasts
  2 orc warriors
  2 centaurs
  2 kobold brigands
  2 bullfrogs
  A gnoll sergeant (D:8)
  13 scorpions
  Dowan (D:5)
  A killer bee (D:8)
  A howler monkey (D:8)
  2 wolf zombies (Bailey)
  9 vampire bats (Bailey)
  3 centaur zombies (Ossuary)
  A gnoll bouda (D:7)
  2 orc priests
  Crazy Yiuf (D:2)
  An iron imp (D:7)
  2 sleepcaps
  4 iguanas
  6 orc wizards
  5 mummies (Ossuary)
  Robin (D:2)
  11 gnolls
  6 adders
  A white imp (D:5)
  An ufetubus (D:4)
  3 worms
  2 dart slugs
  19 orcs
  10 endoplasms
  7 giant cockroaches
  20 goblins
  6 hobgoblins
  2 jackals (D:1)
  9 kobolds
  3 quokkas
  8 ball pythons
  7 bats
  4 frilled lizards
  A goblin zombie (D:7)
  10 hobgoblin zombies
  2 kobold skeletons (D:7)
  A kobold zombie (D:7)
  2 orc skeletons (D:7)
  18 orc zombies
  7 rats
  2 butterflies (D:8)
244 creatures vanquished.

Notes
Turn   | Place    | Note
-------+----------+-------------------------------------------
     0 | D:1      | Almogavar the Gargoyle Fighter began the quest for the Orb.
     0 | D:1      | Reached XP level 1. HP: 14/14 MP: 1/1
   142 | D:1      | Reached XP level 2. HP: 19/19 MP: 2/2
   728 | D:1      | Reached XP level 3. HP: 5/23 MP: 3/3
  1063 | D:2      | Identified the +1 helmet of the Goldsmith {Int+3}
  1063 | D:2      | Noticed Robin
  1074 | D:2      | Killed Robin
  1075 | D:2      | Reached XP level 4. HP: 27/29 MP: 4/4
  1100 | D:2      | Reached skill level 3 in Maces & Flails
  1258 | D:2      | You fall into a shaft and drop 2 floors!
  1328 | D:3      | Found Jysoypn's Antique Armour Boutique.
  1404 | D:3      | Found a faded altar of an unknown god.
  1564 | D:2      | Identified the +8 dagger "Qumal" {distort, +Blink}
  1814 | D:2      | Found a runed translucent door.
  1815 | D:2      | Noticed Crazy Yiuf
  1827 | D:2      | Killed Crazy Yiuf
  1828 | D:2      | Reached XP level 5. HP: 30/33 MP: 5/5
  1954 | D:3      | Found a white marble altar of Elyvilon.
  2083 | D:3      | Reached skill level 4 in Maces & Flails
  2677 | D:4      | Found an ancient bone altar of Kikubaaqudgha.
  2678 | D:4      | Noticed a lemure
  2679 | D:4      | Noticed Pikel
  2680 | D:4      | Noticed a lemure
  2680 | D:4      | Noticed a lemure
  2681 | D:4      | Noticed a lemure
  2715 | D:4      | HP: 1/33 [Pikel/+1 whip of flaming (2)]
  2722 | D:4      | Killed Pikel
  2723 | D:4      | Reached skill level 5 in Maces & Flails
  2723 | D:4      | Reached skill level 5 in Armour
  2723 | D:4      | Reached XP level 6. HP: 13/39 MP: 6/6
  2723 | D:4      | Reached XP level 7. HP: 15/44 MP: 7/7
  3450 | D:5      | Entered Level 5 of the Dungeon
  3502 | D:5      | Noticed Dowan
  3503 | D:5      | Noticed Duvessa
  3510 | D:5      | Reached skill level 6 in Maces & Flails
  3531 | D:5      | Killed Duvessa
  3532 | D:5      | Reached skill level 5 in Fighting
  3536 | D:5      | Killed Dowan
  3537 | D:5      | Reached XP level 8. HP: 38/49 MP: 8/8
  3923 | D:5      | Found Lihadeja's Magic Scroll Shop.
  3947 | D:5      | Bought a scroll of identify for 28 gold pieces
  4451 | D:6      | Reached skill level 7 in Maces & Flails
  4553 | D:6      | Found a snail-covered altar of Cheibriados.
  4959 | D:6      | Reached XP level 9. HP: 56/56 MP: 9/9
  4972 | D:6      | Reached skill level 8 in Maces & Flails
  4983 | D:6      | Reached skill level 5 in Shields
  5244 | D:7      | Found a flagged portal.
  5258 | Bailey   | Entered a bailey
  5352 | Bailey   | Reached skill level 1 in Stealth
  5384 | Bailey   | Noticed a gargoyle
  5417 | Bailey   | Killed a gargoyle
  5418 | Bailey   | Reached skill level 9 in Maces & Flails
  6158 | D:7      | Found a staircase to the Ecumenical Temple.
  6167 | Temple   | Entered the Ecumenical Temple
  6167 | Temple   | Found a transporter.
  6167 | Temple   | Found a transporter.
  6169 | Temple   | Found a transporter.
  6169 | Temple   | Found a transporter.
  6183 | Temple   | Became a worshipper of Warmaster Okawaru
  6420 | D:7      | Reached skill level 10 in Maces & Flails
  6420 | D:7      | Reached XP level 10. HP: 63/63 MP: 10/10
  6497 | D:7      | Found a glowing golden altar of the Shining One.
  6780 | D:8      | Noticed Psyche
  6800 | D:8      | Killed Psyche
  6807 | D:8      | Noticed Erica
  6834 | D:8      | Killed Erica
  6834 | D:8      | Reached * piety under Okawaru
  6891 | D:8      | Noticed Joseph
  6899 | D:8      | Found a sand-covered staircase.
  6904 | Ossuary  | Entered an ossuary
  7212 | D:8      | Killed Joseph
  7213 | D:8      | Reached skill level 11 in Maces & Flails
  7343 | D:8      | Found a runed translucent door.
  7345 | D:8      | Found a runed translucent door.
  7464 | D:8      | Reached ** piety under Okawaru
  7808 | D:8      | Noticed an orange demon
  7851 | D:8      | Killed an orange demon
  7852 | D:8      | Reached skill level 12 in Maces & Flails
  7852 | D:8      | Reached XP level 11. HP: 54/71 MP: 11/11
  7857 | D:8      | Noticed Amaemon
  7878 | D:8      | Killed Amaemon
  7878 | D:8      | Reached *** piety under Okawaru
  8124 | D:8      | Slain by a large slime creature

Illustrated notes

Levels and vault maps discovered:
D:1:      tarquinn_simple_flora_water_c, layout_basic
D:2:      layout_rooms, uniq_crazy_yiuf_cottage, uniq_robin
D:3:      cheibrodos_old_hovel, layout_basic, nicolae_overflow_crystal_walls,
          serial_shops, shop, shapermc_ecumenical_altar_mp_ritualfount
D:4:      layout_basic, mainiacjoe_overflow_chevrons,
          minmay_misc_feat_nine_boxes, minmay_goblin_kobold_house, uniq_pikel
D:5:      layout_cave_pods, serial_shops, shop, grunt_ministairs_15,
          uniq_duvessa
D:6:      layout_rooms, cheibriados_altar_1, minivault_24
D:7:      layout_cave_pods, nicolae_tso_besieged_by_evil,
          minmay_temple_entry_trees, enter_bailey_4, minmay_misc_feat_plants,
          minivault_26
D:8:      lemuel_insect_pit, layout_loops_ring, enter_ossuary_5,
          minmay_hedge_maze, minmay_nine_imps, uniq_amaemon, uniq_erica,
          uniq_psyche, uniq_joseph
Temple:   hellmonk_temple_divided_pantheon

Skill      XL: |  1  2  3  4  5  6  7  8  9 10 11 |
---------------+----------------------------------+-----
Armour         | 4 5 6 7 8 |  8.8
Maces & Flails | 3 5 6 7 10 12 | 12.0
Fighting       | 4 5 6 7 9 |  9.4
Shields        | 4 5 |  5.0
Stealth        | 1 2 3 |  3.0
Dodging        | |  0.9
Invocations    | |  0.1

Action                     |  1- 3 |  4- 6 |  7- 9 | 10-12 || total
---------------------------+-------+-------+-------+-------++-------
  Melee: Flail             |   109 |   133 |       |       ||   242
         Whip              |       |       |   580 |   442 ||  1022
 Invoke: Heroism           |       |       |       |     1 ||     1
    Use: Potion            |       |     2 |     2 |     1 ||     5
         Scroll            |       |     1 |    11 |     4 ||    16
 Armour: Scale mail        |    64 |    59 |   203 |       ||   326
         Fire dragon scale |       |       |    44 |   214 ||   258
  Dodge: Dodged            |    64 |    52 |   191 |   115 ||   422
  Block: Buckler           |    20 |    25 |   216 |   180 ||   441
         Reflection        |       |       |     6 |     1 ||     7
